 Dungeon Crawl Stone Soup version 0.28.0-45-g0d030f2227 (webtiles) character file.

Game seed: 931145108771236268

49 pkoi the Insei (level 3, -2/29 HPs)
             Began as a Demigod Gladiator on Apr 18, 2022.
             Slain by a goblin
             ... wielding a +0 dagger of distortion
              (3 damage)
             ... on level 2 of the Dungeon.
             The game lasted 00:01:50 (1865 turns).

pkoi the Insei (Demigod Gladiator)                  Turns: 1865, Time: 00:01:50

Health: -2/29      AC:  4    Str: 15    XL:     3   Next: 32%
Magic:  5/5        EV: 12    Int: 14    God:
Gold:   56         SH:  0    Dex: 15    Spells: 2/2 levels left

rFire   + . .      SeeInvis .   g - +1 hand axe (vamp)
rCold   . . .      Faith    .   (no shield)
rNeg    . . .      Spirit   .   h - +0 robe "Ekkanex" {-Tele rF+ Will++}
rPois   .          Reflect  .   b - +0 helmet
rElec   .          Harm     .   (no cloak)
rCorr   .          Rampage  .   (no gloves)
Will    ++...      NoTele   +   k - +0 pair of boots
Stlth   +.........              (no amulet)
HPRegen 0.09/turn               (no ring)
MPRegen 0.09/turn               (no ring)

@: no status effects
A: high MP 1, forlorn, divine attributes
a: no special abilities


You were on level 2 of the Dungeon.
You visited 1 branch of the dungeon, and saw 2 of its levels.

You collected 56 gold pieces.

Inventory:

Hand Weapons
 d - a +0 whip
 g - a +1 vampiric hand axe (weapon)
Missiles
 c - 3 throwing nets (quivered)
Armour
 a - a +0 leather armour
 b - a +0 helmet (worn)
 h - the +0 robe "Ekkanex" (worn) {-Tele rF+ Will++}
   (You found it on level 2 of the Dungeon)

   rF:        It protects you from fire.
   -Tele:     It prevents most forms of teleportation.
   Will:      It greatly increases your willpower.
 k - a +0 pair of boots (worn)
Scrolls
 f - 3 scrolls of identify {unknown}
 l - a scroll of noise {unknown}
Potions
 e - a potion of curing {unknown}
 i - a potion of might {unknown}
 j - a potion of invisibility {unknown}


   Skills:
 - Level 1.7 Fighting
 - Level 1.7 Throwing
 - Level 2.6 Dodging
 + Level 4.2 Unarmed Combat


You had 2 spell levels left.
You didn't know any spells.
Your spell library was empty.

Dungeon Overview and Level Annotations

Branches:
Dungeon (2/15)


Innate Abilities, Weirdness & Mutations

You have an increased reservoir of magic. (+10% MP)
You shall have no god before yourself.
Your divine heritage dramatically boosts your attributes as you level up.


Message History

The adder is heavily wounded.
You feel sick. The adder barely misses you.
You hit the adder.
You kill the adder!
You feel sick.
You feel sick.
You see here an adder corpse.
You feel sick.
You are no longer poisoned.
You start resting.
HP restored.
Found a cloak.
Found 22 arrows.
You see here 22 arrows.
A rat and a goblin come into view.
The goblin is wielding a +0 dagger of distortion.
The goblin shouts!
The rat moves out of view.
The rat closely misses you.
You barely miss the rat. The rat bites you but does no damage.
You closely miss the goblin. You hit the rat.
You kill the rat!
The goblin hits you with a +0 dagger of distortion.
Space warps around you.
* * * LOW HITPOINT WARNING * * *
The goblin hits you with a +0 dagger of distortion.
* * * LOW HITPOINT WARNING * * *
Space warps horribly around you!!
Ouch! That really hurt!
* * * LOW HITPOINT WARNING * * *
You miss the goblin. The goblin barely misses you.
Unknown command.
You barely miss the goblin. The goblin barely misses you.
Unknown command.
You barely miss the goblin. The goblin completely misses you.
The goblin misses you.
Unknown command.
You closely miss the goblin.
The goblin hits you with a +0 dagger of distortion.
You die...

#.# #(# #.# .#
#.####.# .#
#...##.# #.##
###.##.# #...##
#.##.# ##.....##
#.##.###.......#
#.##.##†g.......
#.##.###@......#
#.............##
####.####....##
#.# .#.## #.#
.#.# #.# .# .
#.. .. . ### ##
##


You could see a goblin.

Vanquished Creatures
  2 adders (D:2)
  2 ball pythons
  3 bats
  An endoplasm (D:1)
  5 giant cockroaches
  2 hobgoblins (D:1)
  4 kobolds
  4 quokkas (D:1)
  2 frilled lizards (D:1)
  A goblin (D:1)
  3 rats
29 creatures vanquished.

Notes
Turn   | Place    | Note
-------+----------+-------------------------------------------
     0 | D:1      | pkoi the Demigod Gladiator began the quest for the Orb.
     0 | D:1      | Reached XP level 1. HP: 17/17 MP: 3/3
   348 | D:1      | Reached skill level 3 in Unarmed Combat
   729 | D:1      | Reached XP level 2. HP: 21/24 MP: 4/4
  1350 | D:2      | Identified the +0 robe "Ekkanex" {-Tele rF+ Will++}
  1552 | D:2      | Reached skill level 4 in Unarmed Combat
  1552 | D:2      | Reached XP level 3. HP: 16/29 MP: 5/5
  1861 | D:2      | HP: 1/29 [goblin/+0 dagger of distortion (18)]
  1865 | D:2      | Slain by a goblin

Illustrated notes

Levels and vault maps discovered:
D:1:      minmay_arrival_diagonal_passages, layout_loops_cross
D:2:      layout_loops_ring, hellmonk_ecumenical_altar_zigzags, uniq_natasha,
          uniq_crazy_yiuf_cottage

Skill      XL: |  1  2 |
---------------+-------+-----
Unarmed Combat | 3 4 |  4.2
Fighting       | |  1.7
Throwing       | |  1.7
Dodging        | |  2.6

Action                   || total
-------------------------++-------
Melee: Whip              ||    66
       Unarmed           ||    10
       Hand axe          ||    56
 Stab: Sleeping          ||     1
Armor: Leather armour    ||    28
       Robe              ||    11
Dodge: Dodged            ||    99
